[Event "Titled Tuesday Blitz May 9 Late 2023"]
[White "KVAIDAN"]
[Black "Hartikainen, Jarmo"]
[BlackFideId "503134"]
[WhiteElo "2280"]
[BlackElo "2095"]
[Result "1-0"]
[Round "09"]
[TimeControl "180+2"]
[Date "2023.05.09"]
[WhiteClock "0:01:00"]
[BlackClock "0:00:00"]

1. f4 e5 2. e4 d5 3. exd5 exf4 4. Bb5+ c6 5. dxc6 Nxc6 6. Qe2+ Qe7 7. Nf3 Qxe2+ 8. Bxe2 Bd6 9. O-O Nge7 10. d4 O-O 11. Nc3 Bf5 12. d5 Nb4 13. Nb5 Bc5+ 14. Kh1 Nxc2 15. d6 Nxa1 16. dxe7 Bxe7 17. Nfd4 Bd7 18. Nc7 Rac8 19. Bxf4 Bf6 20. Rxa1 Bxd4 21. Rd1 Bb6 22. Rxd7 g5 23. Be5 Rfd8 24. Rxd8+ Rxd8 25. Nb5 Re8 26. Bc4 Rxe5 27. g3 Re1+ 28. Kg2 Rb1 29. Nd6 Rxb2+ 30. Kh3 Bc5 31. Nxf7 Kg7 32. Nxg5 b5 33. Bb3 Bg1 34. Nf3 Bc5 35. Kg4 a5 36. h4 a4 37. Bd5 b4 38. Ng5 b3 39. axb3 a3 40. Ne6+ Kf6 41. Nxc5 a2 42. Ne4+ Ke5 43. Nc3 a1=Q 44. Bc4 Rg2 45. Ne2 Qd1 46. Kf3 Rxe2 47. Bxe2 Qxb3+ 48. Kg4 1-0


[Site "https://www.chess.com"]

[Event "Titled Tuesday Blitz May 9 Late 2023"]
[White "Ingunza Curro, Andres"]
[Black "Horokoskii"]
[WhiteFideId "24526371"]
[WhiteElo "2247"]
[BlackElo "2113"]
[Result "1-0"]
[Round "09"]
[TimeControl "180+2"]
[Date "2023.05.09"]
[WhiteClock "0:00:24"]
[BlackClock "0:00:00"]

1. Nf3 Nf6 2. c4 g6 3. g3 Bg7 4. Bg2 O-O 5. O-O d6 6. Nc3 c5 7. d4 Nc6 8. d5 Nb8 9. e4 Nbd7 10. h3 Rb8 11. Be3 a6 12. a4 b6 13. Qc2 Re8 14. Nd2 e6 15. Rfe1 exd5 16. exd5 Ne5 17. Bf4 Nh5 18. Be3 Bf5 19. Nce4 Bxe4 20. Nxe4 f5 21. Ng5 Bf6 22. Ne6 Qe7 23. f4 Nd7 24. Bf2 Qf7 25. g4 Ng7 26. Nc7 Rxe1+ 27. Rxe1 fxg4 28. hxg4 Rf8 29. Ne6 Re8 30. g5 Bd8 31. Bh3 Nf8 32. Nxf8 Qxf8 33. Rxe8 Qxe8 34. Qd3 Qf7 35. Be3 Nf5 36. Bxf5 Qxf5 37. Qxf5 gxf5 38. Bd2 Kg7 39. Kg2 h6 40. Bc3+ Kg6 41. gxh6 Kxh6 42. Kg3 Kh5 43. Bg7 Bh4+ 44. Kf3 Be7 45. b3 Kg6 46. Bc3 Bf6 47. Bd2 Bd4 48. a5 bxa5 49. Bxa5 Kf6 50. Bc7 Ke7 51. Kg3 Bf6 52. Ba5 Kd7 53. Bd2 Be7 54. Kf3 Bf6 55. Be1 Be7 56. Kg2 Bf6 57. Kh3 a5 58. Bxa5 Bd4 59. Kg3 Bf6 60. Kf3 Bh4 61. Kg2 Bf6 62. Be1 Bd4 63. Kh3 Ke7 64. Bh4+ Kf7 65. Bd8 Be3 66. Bg5 Bd4 67. Kh4 Kg6 68. Be7 Be3 69. Bxd6 Kh6 70. Kg3 Kg6 71. Kf3 Bd4 72. Be5 Bg1 73. d6 Kf7 74. Ke2 Ke6 75. Kd3 Kd7 76. Kc3 Bf2 77. Kb2 Be3 78. Ka3 Bc1+ 79. Ka4 Bd2 80. Kb5 Be3 81. b4 cxb4 82. Kxb4 Bf2 83. Kb5 Ba7 84. c5 Bb8 85. c6+ Kc8 86. Kb6 Bxd6 87. Bxd6 Kd8 88. Kb7 Ke8 89. c7 1-0


[Site "https://www.chess.com"]

[Event "Titled Tuesday Blitz May 9 Late 2023"]
[White "KSho99"]
[Black "Zampronha, Wladimir Camilo"]
[BlackFideId "2103087"]
[WhiteElo "2136"]
[BlackElo "2176"]
[Result "1/2-1/2"]
[Round "09"]
[TimeControl "180+2"]
[Date "2023.05.09"]
[WhiteClock "0:00:04"]
[BlackClock "0:00:14"]

1. Nf3 Nf6 2. e3 e6 3. b3 b6 4. Bb2 Bb7 5. d4 Be7 6. Nbd2 O-O 7. Bd3 d5 8. O-O Nbd7 9. Ne5 Rc8 10. f4 c5 11. Nxd7 Qxd7 12. dxc5 bxc5 13. Rf3 c4 14. Bxf6 cxd3 15. Bxe7 dxc2 16. Qf1 Qxe7 17. Rc1 d4 18. Rh3 dxe3 19. Rxe3 Qc5 20. Nc4 Ba6 21. Qf2 Bxc4 22. Rxc2 Rfd8 23. h3 Qb5 24. bxc4 Rxc4 25. Rb3 Rb4 26. Qxa7 Rxb3 27. axb3 Qxb3 28. Qc7 Qe3+ 29. Kh2 Rf8 30. Qe5 Qd3 31. Rc3 Qd2 32. Rg3 g6 33. Qf6 Rd8 34. Rb3 Re8 35. Rb7 Rf8 36. Re7 Qe3 37. Rd7 h5 38. Re7 Qf2 39. Rd7 h4 40. Qg5 Qe1 41. Rd6 Qb4 42. Rxe6 Qc4 43. Rxg6+ fxg6 44. Qxg6+ Kh8 45. Qh6+ Kg8 46. Qg6+ Kh8 47. Qh6+ Kg8 48. Qg6+ 1/2-1/2


[Site "https://www.chess.com"]

[Event "Titled Tuesday Blitz May 9 Late 2023"]
[White "Dargan, Paul A G"]
[Black "Dragomirescu, Calin"]
[WhiteFideId "416762"]
[BlackFideId "1200895"]
[WhiteElo "2042"]
[BlackElo "2010"]
[Result "1/2-1/2"]
[Round "09"]
[TimeControl "180+2"]
[Date "2023.05.09"]
[WhiteClock "0:00:41"]
[BlackClock "0:01:45"]

1. e4 g6 2. d4 Bg7 3. Nc3 d6 4. f4 Nf6 5. Nf3 O-O 6. Bd3 Na6 7. O-O c5 8. e5 Bd7 9. exf6 Bxf6 10. dxc5 Nxc5 11. Be3 Nxd3 12. Qxd3 Bf5 13. Qd2 Qa5 14. Bd4 e5 15. fxe5 dxe5 16. Nxe5 Bxe5 17. Rxf5 Bxd4+ 18. Qxd4 Qxf5 19. Rf1 Qxc2 20. Nd5 f5 21. Ne7+ Kf7 22. Re1 Rad8 23. Qe5 Qc4 24. Nxf5 gxf5 25. Qxf5+ Kg8 26. Qg5+ Kh8 27. Qe5+ Kg8 28. Qg5+ Kh8 29. Qe5+ Kg8 30. Qg3+ Kh8 31. Qe5+ 1/2-1/2


[Site "https://www.chess.com"]

[Event "Titled Tuesday Blitz May 9 Late 2023"]
[White "Harish, Neeraj"]
[Black "Oliveira, Tiago Batista"]
[WhiteFideId "30958130"]
[BlackFideId "2108291"]
[WhiteElo "1879"]
[BlackElo "1962"]
[Result "1-0"]
[Round "09"]
[TimeControl "180+2"]
[Date "2023.05.09"]
[WhiteClock "0:00:27"]
[BlackClock "0:00:00"]

1. e4 c5 2. Nf3 Nc6 3. d4 cxd4 4. Nxd4 Nf6 5. Nc3 d6 6. Bg5 e6 7. Qd3 Be7 8. O-O-O Nxd4 9. Qxd4 O-O 10. f4 Qa5 11. e5 dxe5 12. fxe5 Rd8 13. Qe3 Rxd1+ 14. Kxd1 Nd5 15. Nxd5 Qxd5+ 16. Kc1 Bf8 17. c4 Qc6 18. Kb1 b6 19. Bd3 Bb7 20. Rf1 Qxg2 21. Qf4 f5 22. exf6 g6 23. f7+ Kh8 24. Bf6+ Bg7 25. Bxg7+ Kxg7 26. Qd4+ 1-0


[Site "https://www.chess.com"]

[Event "Titled Tuesday Blitz May 9 Late 2023"]
[White "Phillips, Rene"]
[Black "James, Stuart"]
[WhiteFideId "2056275"]
[BlackFideId "7400489"]
[WhiteElo "2185"]
[BlackElo "1950"]
[Result "1-0"]
[Round "09"]
[TimeControl "180+2"]
[Date "2023.05.09"]
[WhiteClock "0:00:52"]
[BlackClock "0:01:26"]

1. Nf3 d5 2. d4 Nf6 3. Bf4 e6 4. e3 Bd6 5. Bg3 c5 6. Nbd2 O-O 7. c3 b6 8. Ne5 Ba6 9. Nc6 Nxc6 10. Bxa6 cxd4 11. Bb7 dxc3 12. bxc3 Bxg3 13. hxg3 Qc7 14. Bxa8 Rxa8 15. g4 Ne5 16. g5 Nd3+ 17. Kf1 Qxc3 18. gxf6 Qxf6 19. Nf3 Nc5 20. Qd4 Qg6 21. Rc1 h6 22. Rh4 Ne4 23. Ne5 Qf6 24. Rf4 Qe7 25. Rxf7 Qa3 26. Rcc7 1-0


[Site "https://www.chess.com"]

[Event "Titled Tuesday Blitz May 9 Late 2023"]
[White "Almedina Ortiz, Edgardo J."]
[Black "Burke, Paul"]
[WhiteFideId "3100197"]
[BlackFideId "2605767"]
[WhiteElo "2217"]
[BlackElo "1919"]
[Result "1-0"]
[Round "09"]
[TimeControl "180+2"]
[Date "2023.05.09"]
[WhiteClock "0:00:59"]
[BlackClock "0:00:39"]

1. d4 a6 2. e4 d6 3. c4 g6 4. Nc3 Bg7 5. Nf3 h6 6. Be2 Nd7 7. O-O e5 8. d5 Ne7 9. Ne1 O-O 10. Be3 f5 11. f3 f4 12. Bf2 g5 13. a4 Qe8 14. a5 Qg6 15. Nd3 h5 16. c5 Nf6 17. cxd6 cxd6 18. Na4 g4 19. Nb6 g3 20. Nxa8 gxf2+ 21. Nxf2 Bh3 22. Nxh3 Rxa8 23. Rc1 Kh7 24. Rc7 Re8 25. Rxb7 Kh8 26. Bxa6 Neg8 27. Bb5 Rd8 28. a6 Nh6 29. a7 Nhg4 30. Rb8 1-0


[Site "https://www.chess.com"]

[Event "Titled Tuesday Blitz May 9 Late 2023"]
[White "Vargas, Mauricio"]
[Black "Kiseljova, Marya"]
[WhiteFideId "4404572"]
[BlackFideId "4155009"]
[WhiteElo "1986"]
[BlackElo "1831"]
[Result "0-1"]
[Round "09"]
[TimeControl "180+2"]
[Date "2023.05.09"]
[WhiteClock "0:00:00"]
[BlackClock "0:00:57"]

1. e4 c5 2. Nc3 Nc6 3. f4 g6 4. Nf3 Bg7 5. Bb5 Nd4 6. Nxd4 Bxd4 7. Ne2 a6 8. Nxd4 cxd4 9. Be2 d5 10. exd5 Qxd5 11. Bf3 Qe6+ 12. Be2 Nf6 13. O-O O-O 14. Bf3 Rb8 15. d3 Bd7 16. g4 Nxg4 17. Re1 Ne3 18. Bxe3 dxe3 19. Qe2 Bc6 20. Bxc6 Qxc6 21. c3 e6 22. Qxe3 Rfd8 23. d4 Qb5 24. b3 Rbc8 25. c4 Qf5 26. Qf2 Rd7 27. Re5 Qf6 28. Rd1 Rcd8 29. d5 exd5 30. cxd5 Kg7 31. Qe3 Rd6 32. Qf3 R8d7 33. f5 Qxe5 34. fxg6 Rxg6+ 35. Kh1 Qf6 36. Qe2 Re7 37. Qd3 Qg5 0-1


[Site "https://www.chess.com"]

[Event "Titled Tuesday Blitz May 9 Late 2023"]
[White "Chessadiction1990"]
[Black "Silva Rosas, Natalia"]
[BlackFideId "3000575"]
[WhiteElo "2145"]
[BlackElo "1651"]
[Result "1-0"]
[Round "09"]
[TimeControl "180+2"]
[Date "2023.05.09"]
[WhiteClock "0:00:23"]
[BlackClock "0:00:02"]

1. d4 g6 2. e4 Bg7 3. Nc3 d6 4. Be3 Nf6 5. Qd2 Ng4 6. Bg5 h6 7. Bh4 O-O 8. Nf3 Nc6 9. O-O-O a6 10. h3 Nf6 11. g4 e5 12. dxe5 dxe5 13. Qxd8 Rxd8 14. Rxd8+ Nxd8 15. Nxe5 g5 16. Bg3 Be6 17. Be2 b5 18. Bf3 c5 19. Rd1 Rc8 20. Nd5 Bxd5 21. exd5 c4 22. Nc6 Nxc6 23. dxc6 c3 24. c7 cxb2+ 25. Kb1 Ne8 26. Rd8 Rxc7 27. Rxe8+ Bf8 28. Bxc7 Kg7 29. Be5+ f6 30. Bxf6+ Kf7 31. Rxf8+ Kxf8 32. Bxb2 Kf7 33. Bb7 a5 34. Bd4 b4 35. Bb6 a4 36. Bc6 a3 37. Bc5 b3 38. cxb3 Kg6 39. b4 h5 40. b5 hxg4 41. hxg4 Kf6 42. b6 Ke5 43. b7 Kf4 44. b8=Q+ Kxg4 45. Qg3+ Kf5 46. Bd7+ Kg6 47. Be3 Kf7 48. Qe5 Kf8 49. Bc5+ Kf7 50. Qe6+ Kg7 51. Bd4+ Kh7 52. Qf6 g4 53. Qg7# 1-0


[Site "https://www.chess.com"]

[Event "Titled Tuesday Blitz May 9 Late 2023"]
[White "Van Baar, Esper"]
[Black "Dias, Joao Batista"]
[WhiteFideId "1049321"]
[BlackFideId "2108240"]
[WhiteElo "2159"]
[BlackElo "1907"]
[Result "1-0"]
[Round "09"]
[TimeControl "180+2"]
[Date "2023.05.09"]
[WhiteClock "0:00:09"]
[BlackClock "0:01:49"]

1. e4 e5 2. Nf3 Nc6 3. Bb5 Nd4 4. Nxd4 exd4 5. O-O Be7 6. c3 dxc3 7. Nxc3 Nf6 8. d4 c6 9. Bd3 O-O 10. e5 Nd5 11. Nxd5 cxd5 12. f4 d6 13. f5 dxe5 14. dxe5 f6 15. e6 b6 16. Be3 Bb7 17. Bd4 Bc5 18. Bc2 Bxd4+ 19. Qxd4 Re8 20. Bb3 Qd6 21. Rad1 Rad8 22. Rfe1 Qc5 23. Re2 Qxd4+ 24. Rxd4 Re7 25. Red2 Kf8 26. Bxd5 Bxd5 27. Rxd5 Rxd5 28. Rxd5 Ke8 29. Kf2 h5 30. Kf3 g6 31. Kf4 g5+ 32. Ke4 Rc7 33. Rd2 Ke7 34. Rd7+ Rxd7 35. exd7 Kxd7 36. Kd5 h4 37. h3 a6 38. a3 a5 39. b4 axb4 40. axb4 b5 41. Kc5 Kc7 42. Kxb5 Kd6 43. Ka6 Ke5 44. b5 Kxf5 45. b6 Kf4 46. b7 Kg3 47. b8=Q+ Kxg2 48. Qc8 Kh2 49. Qg4 Kh1 50. Kb5 Kh2 51. Kc4 f5 52. Qxf5 g4 53. Qxg4 Kh1 54. Kd3 1-0


[Site "https://www.chess.com"]

[Event "Titled Tuesday Blitz May 9 Late 2023"]
[White "Stachanczyk, Jacek"]
[Black "Maluco_do_Natal_00"]
[WhiteFideId "1116657"]
[WhiteElo "2084"]
[BlackElo "2025"]
[Result "1-0"]
[Round "09"]
[TimeControl "180+2"]
[Date "2023.05.09"]
[WhiteClock "0:00:17"]
[BlackClock "0:00:00"]

1. e4 c5 2. Nf3 Nc6 3. d4 cxd4 4. Nxd4 Nf6 5. Nc3 e5 6. Ndb5 d6 7. Bg5 a6 8. Na3 b5 9. Nd5 Be7 10. Bxf6 Bxf6 11. c3 O-O 12. Nc2 Bg5 13. a4 bxa4 14. Rxa4 a5 15. Bc4 Be6 16. h4 Bh6 17. g4 Bf4 18. Nxf4 exf4 19. Bd5 Bxd5 20. Qxd5 Ne5 21. g5 Rb8 22. b3 Qc7 23. Qxa5 Qc6 24. O-O Rxb3 25. Rd1 Rxc3 26. Ne1 Qd7 27. Qxc3 Qg4+ 28. Kf1 Qxd1 29. Rd4 Qg4 30. Rxd6 f3 31. Qxe5 Qh3+ 32. Kg1 Qxh4 33. Qg3 Qh5 34. e5 g6 35. Nxf3 Re8 36. Kg2 1-0


[Site "https://www.chess.com"]

[Event "Titled Tuesday Blitz May 9 Late 2023"]
[White "Dmitriev, Sergey"]
[Black "ritanovikova"]
[WhiteFideId "14101785"]
[WhiteElo "2132"]
[BlackElo "2160"]
[Result "1-0"]
[Round "09"]
[TimeControl "180+2"]
[Date "2023.05.09"]
[WhiteClock "0:01:09"]
[BlackClock "0:01:44"]

1. d4 g6 2. Bf4 Bg7 3. Nf3 d6 4. e4 Nf6 5. Nbd2 Nh5 6. Be3 O-O 7. Bc4 c6 8. O-O b5 9. Bb3 a5 10. c4 Bb7 11. a3 b4 12. axb4 axb4 13. Rxa8 Bxa8 14. Qa1 Bb7 15. d5 c5 16. Qc1 Re8 17. Qc2 Nd7 18. Ra1 Qb6 19. h3 Ne5 20. Nxe5 Bxe5 21. g3 Ra8 22. Rxa8+ Bxa8 23. f4 Bg7 24. Ba4 Nxg3 25. b3 Ne2+ 26. Kg2 Nd4 27. Bxd4 Bxd4 28. Nf3 Bf6 29. e5 Bg7 30. Qe2 Bf8 31. Ng5 h6 32. Ne4 Qc7 33. exd6 exd6 34. Nf6+ Kh8 35. Qe8 Kg7 36. Nd7 Bxd5+ 37. cxd5 1-0


[Site "https://www.chess.com"]

[Event "Titled Tuesday Blitz May 9 Late 2023"]
[White "Prado, Alexandra"]
[Black "dorpato"]
[WhiteFideId "3301346"]
[WhiteElo "1759"]
[BlackElo "1994"]
[Result "1/2-1/2"]
[Round "09"]
[TimeControl "180+2"]
[Date "2023.05.09"]
[WhiteClock "0:00:05"]
[BlackClock "0:00:21"]

1. e4 c5 2. Nc3 g6 3. g3 Bg7 4. Bg2 e6 5. d3 Ne7 6. Be3 d6 7. Nf3 Nbc6 8. Qd2 O-O 9. O-O b6 10. Bh6 Bb7 11. Rfe1 d5 12. Bxg7 Kxg7 13. e5 Nf5 14. Re2 Nfd4 15. Ree1 Nxf3+ 16. Bxf3 Nd4 17. Bg2 Qd7 18. Ne2 Nxe2+ 19. Rxe2 Rac8 20. Rae1 c4 21. d4 Ba6 22. c3 b5 23. f4 Bb7 24. Rf2 a5 25. a3 Rb8 26. Ref1 Bc6 27. g4 f5 28. exf6+ Rxf6 29. f5 Rbf8 30. fxe6 Qxe6 31. Rxf6 Rxf6 32. Rxf6 Qxf6 33. Qe2 Qf7 34. Qe5+ Kg8 35. g5 h5 36. h4 Kh7 37. Bh3 Bd7 38. Bxd7 Qxd7 39. Qf4 Kg7 40. Kf2 Qe7 41. Qe5+ Qxe5 42. dxe5 Kf7 43. Ke3 Ke6 44. Kd4 a4 45. Kc5 Kxe5 46. Kxb5 Kf4 47. Kxa4 Kg4 48. Kb4 Kxh4 49. a4 Kxg5 50. a5 h4 51. a6 h3 52. a7 h2 53. a8=Q h1=Q 54. Qd8+ Kg4 55. Qd7+ Kg5 56. Qe7+ Kg4 57. Qe6+ Kg5 58. Qe5+ Kg4 59. Qe6+ Kg5 60. Qe5+ Kg4 61. Qe6+ 1/2-1/2


[Site "https://www.chess.com"]

[Event "Titled Tuesday Blitz May 9 Late 2023"]
[White "Sanchez, Robert"]
[Black "tandercat"]
[WhiteFideId "2034360"]
[WhiteElo "1850"]
[BlackElo "1994"]
[Result "0-1"]
[Round "09"]
[TimeControl "180+2"]
[Date "2023.05.09"]
[WhiteClock "0:01:56"]
[BlackClock "0:00:44"]

1. e4 c5 2. Nf3 Nc6 3. d4 cxd4 4. Nxd4 e5 5. Nb5 d6 6. N1c3 a6 7. Na3 Be7 8. Nd5 Nf6 9. Nxf6+ Bxf6 10. c3 Be6 11. Bd3 d5 12. exd5 Bxd5 13. O-O O-O 14. Qe2 Qc7 15. Bxh7+ Kxh7 16. Qd3+ Kg8 17. Qxd5 Rad8 18. Qe4 b5 19. h4 Be7 20. Nc2 f5 21. Qe2 Na5 22. Bg5 Bxg5 23. hxg5 Nc4 24. g6 Rf6 25. Qh5 0-1


[Site "https://www.chess.com"]

[Event "Titled Tuesday Blitz May 9 Late 2023"]
[White "Romanchuk, Viktor"]
[Black "Sailer, Mike"]
[WhiteFideId "14109271"]
[BlackFideId "2012901"]
[WhiteElo "2242"]
[BlackElo "2109"]
[Result "1/2-1/2"]
[Round "09"]
[TimeControl "180+2"]
[Date "2023.05.09"]
[WhiteClock "0:00:11"]
[BlackClock "0:00:04"]

1. d4 d5 2. c4 Bf5 3. cxd5 Bxb1 4. Qa4+ Qd7 5. Qxd7+ Nxd7 6. Rxb1 Ngf6 7. Bd2 Nb6 8. f3 Nbxd5 9. e4 Nb6 10. Ne2 e6 11. Nc3 O-O-O 12. Be3 Bb4 13. Rc1 Kb8 14. Be2 Rd7 15. Kf2 Bxc3 16. bxc3 h6 17. c4 g5 18. c5 Nc8 19. c6 bxc6 20. Rxc6 Rd6 21. Rb1+ Nb6 22. Rc5 Nd7 23. Rc2 f5 24. a4 Ka8 25. a5 Nc8 26. Rxc7 fxe4 27. fxe4 Rf8+ 28. Kg1 e5 29. dxe5 Nxe5 30. Rxa7+ Nxa7 31. Bc5 Rfd8 32. Bxd6 Rxd6 33. Kf2 Nac6 34. Ke3 Nxa5 35. Ra1 Nc6 36. Bb5 Kb7 37. h4 Kb6 38. Bxc6 Nxc6 39. hxg5 hxg5 40. Rf1 Rg6 41. Rf5 Kc7 42. Kf3 Kd6 43. Kg4 Ne5+ 44. Kh5 Rg8 45. Rf6+ Ke7 46. Ra6 Nf7 47. Kg4 Ne5+ 48. Kf5 Nf7 49. Ra7+ Ke8 50. Kf6 Nh6 51. Ra8+ Kd7 52. Rxg8 Nxg8+ 53. Kxg5 Ke6 54. Kg6 Ne7+ 55. Kg5 Ke5 56. g4 Kxe4 57. Kf6 Nd5+ 58. Kf7 Nf4 59. g5 Kf3 60. g6 Nxg6 1/2-1/2


[Site "https://www.chess.com"]

[Event "Titled Tuesday Blitz May 9 Late 2023"]
[White "Nakamura, Hikaru"]
[Black "Carlsen, Magnus"]
[WhiteFideId "2016192"]
[BlackFideId "1503014"]
[WhiteElo "2885"]
[BlackElo "2852"]
[Result "1-0"]
[Round "10"]
[TimeControl "180+2"]
[Date "2023.05.09"]
[WhiteClock "0:00:05"]
[BlackClock "0:00:00"]

1. e4 a6 2. d4 e6 3. a3 b6 4. Bd3 d6 5. f4 g6 6. Nf3 Ne7 7. O-O Bg7 8. c3 c5 9. Be3 Bb7 10. Nbd2 Nbc6 11. Qe1 h6 12. Rd1 cxd4 13. cxd4 O-O 14. Qg3 f5 15. exf5 Nxf5 16. Bxf5 gxf5 17. d5 exd5 18. Nb3 Kh7 19. Nfd4 Qd7 20. Nxc6 Bxc6 21. Bd4 Rg8 22. Qf3 Ba4 23. Bxg7 d4 24. Rd2 Bc6 25. Qh3 Rxg7 26. Nxd4 Be4 27. Rc1 Rc8 28. Rc3 Rc5 29. Qe3 Qf7 30. g3 Qa2 31. Kf2 Qb1 32. Qe1 Qxe1+ 33. Kxe1 Rxc3 34. bxc3 Rc7 35. Ne2 d5 36. Rb2 b5 37. Kd2 Kg6 38. a4 bxa4 39. Rb6+ Kh5 40. Rxa6 Kg4 41. Rxa4 Kh3 42. Ra6 Kxh2 43. Rxh6+ Kg2 44. Rg6 Ra7 45. Ke3 Re7 46. Kd2 Kf2 47. Nd4 Ra7 48. g4 Ra2+ 49. Kc1 Ke3 50. gxf5 Kxf4 51. Rh6 Ra8 52. f6 1-0


[Site "https://www.chess.com"]

[Event "Titled Tuesday Blitz May 9 Late 2023"]
[White "Sarana, Alexey"]
[Black "Kollars, Dmitrij"]
[WhiteFideId "24133795"]
[BlackFideId "12909572"]
[WhiteElo "2714"]
[BlackElo "2584"]
[Result "1/2-1/2"]
[Round "10"]
[TimeControl "180+2"]
[Date "2023.05.09"]
[WhiteClock "0:00:43"]
[BlackClock "0:01:18"]

1. d4 d5 2. c4 c6 3. Nf3 Nf6 4. Nc3 e6 5. Bg5 Nbd7 6. e3 Be7 7. Qc2 h6 8. Bh4 O-O 9. Rd1 b6 10. Bd3 Bb7 11. O-O Rc8 12. e4 dxe4 13. Nxe4 Nxe4 14. Bxe7 Qxe7 15. Bxe4 Nf6 16. Rfe1 Nxe4 17. Qxe4 Rfd8 18. Qf4 Qc7 19. Ne5 c5 20. dxc5 bxc5 21. b3 f6 22. Ng6 e5 23. Qg4 Rd4 24. f4 e4 25. Qe6+ Kh7 26. Qf5 Kg8 27. Qe6+ Kh7 28. Qf5 Kg8 29. Qe6+ 1/2-1/2


[Site "https://www.chess.com"]

[Event "Titled Tuesday Blitz May 9 Late 2023"]
[White "Terry, Renato"]
[Black "Martinez Alcantara, Jose Eduardo"]
[WhiteFideId "3803457"]
[BlackFideId "3805662"]
[WhiteElo "2575"]
[BlackElo "2711"]
[Result "0-1"]
[Round "10"]
[TimeControl "180+2"]
[Date "2023.05.09"]
[WhiteClock "0:00:00"]
[BlackClock "0:00:58"]

1. Nf3 c5 2. e3 Nf6 3. a3 e6 4. Be2 b6 5. O-O Bb7 6. d3 Be7 7. Nbd2 O-O 8. Re1 d5 9. Nf1 Nc6 10. Ng3 Qc7 11. b3 Rad8 12. Bb2 Rfe8 13. c4 d4 14. exd4 cxd4 15. b4 e5 16. Nd2 a5 17. b5 Nb8 18. Bf3 Nbd7 19. Bxb7 Qxb7 20. Qf3 Qxf3 21. Nxf3 Bd6 22. a4 Nc5 23. Red1 g6 24. Ba3 Nb3 25. Bxd6 Rxd6 26. Ra3 Nc5 27. Kf1 Nfd7 28. Re1 f5 29. h4 Kg7 30. Rd1 Nf6 31. Re1 e4 32. dxe4 fxe4 33. Nd2 e3 34. fxe3 dxe3 35. Nf3 Ng4 36. Kg1 Red8 0-1


[Site "https://www.chess.com"]

[Event "Titled Tuesday Blitz May 9 Late 2023"]
[White "Andreikin, Dmitry"]
[Black "Makarian, Rudik"]
[WhiteFideId "4158814"]
[BlackFideId "44105681"]
[WhiteElo "2736"]
[BlackElo "2461"]
[Result "1/2-1/2"]
[Round "10"]
[TimeControl "180+2"]
[Date "2023.05.09"]
[WhiteClock "0:00:05"]
[BlackClock "0:00:05"]

1. c4 Nf6 2. Nc3 e6 3. e4 d5 4. e5 d4 5. exf6 dxc3 6. bxc3 Qxf6 7. Nf3 Nc6 8. Bd3 Bd6 9. Be4 Ne5 10. d4 Nxf3+ 11. Bxf3 c6 12. c5 Bc7 13. O-O O-O 14. Be3 e5 15. Rb1 e4 16. Be2 b6 17. g3 bxc5 18. dxc5 Bh3 19. Re1 Be5 20. Bg4 Bxg4 21. Qxg4 Qg6 22. Qxg6 hxg6 23. Bd4 Bxd4 24. cxd4 f5 25. Rb7 Rf7 26. Reb1 Rd8 27. Rxf7 Kxf7 28. Rb7+ Kf6 29. Rxa7 Rxd4 30. Ra6 Rd1+ 31. Kg2 Rd2 32. Rxc6+ Kf7 33. Rc7+ Kf6 34. Rc6+ Kf7 35. Kf1 Rxa2 36. h4 Rc2 37. Ke1 Kg8 38. Rc8+ Kf7 39. Rc6 Kg8 40. Rc7 Kh7 41. c6 g5 42. hxg5 Kg6 43. Kf1 Rc1+ 44. Ke2 Rc2+ 45. Ke3 Kh7 46. Rc8 Kg6 47. Rc7 Kh7 48. Rc8 Kg6 49. c7 Kxg5 50. f3 exf3 51. Kxf3 Rc4 52. Kf2 g6 53. Kf3 Rc3+ 54. Kf2 Rc2+ 55. Kf3 Rc3+ 56. Kf2 Rc2+ 57. Kf3 Rc3+ 1/2-1/2


[Site "https://www.chess.com"]

[Event "Titled Tuesday Blitz May 9 Late 2023"]
[White "Remizov, Yaroslav"]
[Black "Sargsyan, Shant"]
[WhiteFideId "34134015"]
[BlackFideId "13306766"]
[WhiteElo "2400"]
[BlackElo "2628"]
[Result "0-1"]
[Round "10"]
[TimeControl "180+2"]
[Date "2023.05.09"]
[WhiteClock "0:00:05"]
[BlackClock "0:01:06"]

1. e4 g6 2. d4 Nf6 3. e5 Nh5 4. Be2 d6 5. Bxh5 gxh5 6. Qxh5 dxe5 7. Qxe5 Rg8 8. Ne2 Nc6 9. Qe4 Rg4 10. Qxh7 Nxd4 11. Nxd4 Qxd4 12. O-O Rxg2+ 13. Kxg2 Qg4+ 14. Kh1 Qf3+ 15. Kg1 Bf5 16. Qh4 Be4 17. Qxe4 Qxe4 18. Nc3 Qxc2 19. Bf4 c6 20. Rfe1 Qxb2 21. Be5 Qc2 22. Rab1 b6 23. Ne4 O-O-O 24. Rbc1 Qa4 25. Bg3 Kb7 26. Ng5 Qxa2 27. Ra1 Qd5 28. Re5 Qb3 29. Kg2 Rd1 30. Re3 Qd5+ 31. Nf3 Rxa1 32. Re5 Qd7 33. Re4 Bg7 34. Rf4 Bf6 35. h4 Qd1 36. h5 Qh1# 0-1


[Site "https://www.chess.com"]

[Event "Titled Tuesday Blitz May 9 Late 2023"]
[White "Timmermans, Mark"]
[Black "Zhigalko, Sergei"]
[WhiteFideId "1026399"]
[BlackFideId "13502956"]
[WhiteElo "2460"]
[BlackElo "2626"]
[Result "0-1"]
[Round "10"]
[TimeControl "180+2"]
[Date "2023.05.09"]
[WhiteClock "0:01:02"]
[BlackClock "0:01:24"]

1. e4 c5 2. Ne2 Nc6 3. d4 cxd4 4. Nxd4 Nf6 5. Nc3 e5 6. Ndb5 d6 7. Bg5 a6 8. Na3 b5 9. Bxf6 gxf6 10. Nd5 Bg7 11. c3 f5 12. exf5 Bxf5 13. Nc2 Be6 14. g3 O-O 15. Bg2 a5 16. a4 bxa4 17. O-O Rb8 18. Ra2 f5 19. f4 e4 20. Nce3 Ne7 21. Rf2 Nxd5 22. Nxd5 Rb5 23. c4 Bxd5 24. cxd5 Qb6 25. Kf1 Rc8 26. Rc2 Rxc2 27. Qxc2 Rc5 28. Qxa4 Rc1+ 29. Ke2 Qg1 30. Qe8+ Bf8 31. Qe6+ Kg7 32. Qd7+ Kh8 0-1


[Site "https://www.chess.com"]

[Event "Titled Tuesday Blitz May 9 Late 2023"]
[White "Ibarra Jerez, Jose Carlos"]
[Black "Bjelobrk, Igor"]
[WhiteFideId "2226332"]
[BlackFideId "4300726"]
[WhiteElo "2638"]
[BlackElo "2319"]
[Result "1-0"]
[Round "10"]
[TimeControl "180+2"]
[Date "2023.05.09"]
[WhiteClock "0:00:16"]
[BlackClock "0:00:02"]

1. e4 e6 2. d4 d5 3. Nc3 Bb4 4. Ne2 dxe4 5. a3 Bxc3+ 6. Nxc3 Nc6 7. d5 exd5 8. Qxd5 Be6 9. Qxe4 Nf6 10. Qh4 Qe7 11. Be3 O-O-O 12. Be2 Nd5 13. Qxe7 Ncxe7 14. Bd2 Nf5 15. O-O-O Nd4 16. Bd3 h6 17. Rhe1 Rhe8 18. Nxd5 Bxd5 19. f3 Rxe1 20. Rxe1 Be6 21. Bc3 c5 22. b4 c4 23. Bf1 b5 24. Rd1 Nf5 25. Rxd8+ Kxd8 26. g4 Ne3 27. Be2 f6 28. Bd4 Nd5 29. Bxa7 Nf4 30. Bd1 f5 31. Bd4 g6 32. Be3 g5 33. Bxf4 gxf4 34. Kd2 Ke7 35. c3 Kf6 36. gxf5 Kxf5 37. a4 bxa4 38. Bxa4 Kg5 39. Ke1 Kh4 40. Kf2 Kh3 41. Bc6 Kxh2 42. b5 h5 43. b6 Bc8 44. b7 Bxb7 45. Bxb7 h4 46. Bd5 Kh1 47. Be6 Kh2 48. Bxc4 Kh1 49. Be6 1-0


[Site "https://www.chess.com"]

[Event "Titled Tuesday Blitz May 9 Late 2023"]
[White "Annaberdiyev, Meylis"]
[Black "Tari, Aryan"]
[WhiteFideId "14000563"]
[BlackFideId "1510045"]
[WhiteElo "2416"]
[BlackElo "2571"]
[Result "1-0"]
[Round "10"]
[TimeControl "180+2"]
[Date "2023.05.09"]
[WhiteClock "0:00:01"]
[BlackClock "0:00:00"]

1. e4 e5 2. Nf3 Nc6 3. Bc4 Bc5 4. d3 Nf6 5. O-O a6 6. Bb3 Ba7 7. c3 d6 8. Nbd2 O-O 9. h3 h6 10. Re1 Ne7 11. Nf1 Ng6 12. d4 Re8 13. Ng3 c6 14. Bc2 Be6 15. Be3 Qc7 16. Qc1 Kh7 17. Nf5 Bxf5 18. exf5 Nf8 19. dxe5 dxe5 20. Bxa7 Rxa7 21. Qe3 Raa8 22. Rad1 Re7 23. Nd2 Nd5 24. Qf3 f6 25. Ne4 Rd8 26. g3 Qb6 27. b4 Qc7 28. Rd2 Nb6 29. Rxd8 Qxd8 30. h4 Rd7 31. g4 Nc4 32. Nc5 Rd2 33. Ne6 Qd6 34. Bb3 Nb6 35. g5 Nd5 36. gxh6 Nxe6 37. fxe6 Qxe6 38. hxg7 Kxg7 39. Kh1 Kf8 40. Rg1 Qf7 41. c4 Nf4 42. c5 Qh7 43. Qg4 Qe4+ 44. f3 1-0


[Site "https://www.chess.com"]